 Dungeon Crawl Stone Soup version 0.24.0-13-gcf9b3192b9 (webtiles) character file.

Game seed: 14591626621673619617, levelgen mode: deterministic

137 zkyp the Skirmisher (level 4, -2/61 HPs)
             Began as a Demigod Artificer on Nov 10, 2019.
             Slain by an adder (3 damage)
             ... on level 2 of the Dungeon.
             The game lasted 00:02:22 (2893 turns).

zkyp the Skirmisher (Demigod Artificer)             Turns: 2893, Time: 00:02:23

Health: -2/61      AC: 22    Str: 17    XL:     4   Next: 69%
Magic:  8/8        EV:  2    Int: 15    God:
Gold:   80         SH:  0    Dex: 21    Spells: 3/3 levels left

rFire    . . .     SeeInvis .   a - +0 short sword
rCold    . . .     Gourm    .   (no shield)
rNeg     + + +     Faith    .   (armour currently unavailable)
rPois    +         Spirit   .   (helmet currently unavailable)
rElec    .         Reflect  .   (cloak currently unavailable)
rCorr    +         Harm     .   (gloves currently unavailable)
MR       .....     NoTele   +   (boots currently unavailable)
Stlth    +++.......             (no amulet)
HPRegen  0.20/turn              (no ring)
MPRegen  0.11/turn              m - ring of resist corrosion

@: agile, lethally poisoned (-2 -> -4), tree-form
A: high mp 1
a: no special abilities


You were on level 2 of the Dungeon.
You were hungry.
You were a tree.
You visited 1 branch of the dungeon, and saw 2 of its levels.

You collected 80 gold pieces.

Inventory:

Hand Weapons
 a - a +0 short sword (weapon)
Armour
 b - a +0 leather armour (melded)
 l - a +0 cloak (melded)
Jewellery
 m - a ring of resist corrosion (right branch)
Wands
 c - a wand of flame (15)
 d - a wand of enslavement (10)
 e - a wand of random effects (15)
Scrolls
 g - a scroll of enchant armour {unknown}
 j - a scroll of magic mapping {unknown}
 k - 2 scrolls of identify {unknown}
 n - a scroll of amnesia {unknown}
Comestibles
 f - 3 rations


   Skills:
 + Level 4.4 Fighting
 - Level 0.8 Short Blades
 - Level 1.7 Dodging
 - Level 0.8 Stealth
 - Level 2.6 Evocations


You had 3 spell levels left.
You didn't know any spells.
Your spell library was empty.

Dungeon Overview and Level Annotations

Branches:
Dungeon (2/15)


Innate Abilities, Weirdness & Mutations

You have an increased reservoir of magic. (+10% MP)


Message History

You feel sick. The adder bites you.
* * * LOW HITPOINT WARNING * * *
The adder bites you but does no damage.
The dart slug bites your phantom but does no damage.
You barely miss the adder.
The adder is severely wounded.
* * * LOW HITPOINT WARNING * * *
You feel sick. The adder bites you but does no damage.
Your phantom blinks!
It was a potion of agility.
You feel agile all of a sudden. The adder bites you but does no damage.
You barely miss the adder.
The adder is severely wounded.
* * * LOW HITPOINT WARNING * * *
You feel sick.
The adder bites you but does no damage. x2
You hit the adder.
The adder is almost dead.
The adder bites you.
You die...

#.# ##....#).???#.##P.♣♣..#
#.# ##.....#g...g#.#....♣♣.#
#<# #..###.# ..?.#..##.P♣P.#
..# #.## ### ..##..W...P.##
### #.# #'#...#.#...# # #.##
#....#...#### # #..####
##gw###.## # #.....#
#S####.## # #.....#
#♣###...# # ##.....##
##...#...#
####.......####........#
...'.................#.#
####..........###...##.#####
# ##.......### ##.........#
##.....## ####.#♣.♣##.#
##...## #....##.# #.# ##'##
#...♣.♣.♣ #>#


You could see an adder, a dart slug, a hobgoblin and a friendly phantom.

Vanquished Creatures
  An orc wizard (D:2)
  2 adders (D:2)
  2 worms (D:2)
  A dart slug (D:1)
  3 leopard geckos (D:2)
  2 orcs (D:2)
  10 goblins
  10 hobgoblins
  4 jackals (D:1)
  3 kobolds
  3 bats
  6 frilled lizards (D:1)
  7 rats
54 creatures vanquished.

Vanquished Creatures (collateral kills)
  A worm (D:2)
  A hobgoblin (D:2)
  A kobold (D:2)
  A rat (D:2)
4 creatures vanquished.

Vanquished Creatures (others)
  An orc wizard (D:2)
  2 adders (D:2)
3 creatures vanquished.

Grand Total: 61 creatures vanquished

Notes
Turn   | Place    | Note
-------+----------+-------------------------------------------
     0 | D:1      | zkyp the Demigod Artificer began the quest for the Orb.
     0 | D:1      | Reached XP level 1. HP: 15/15 MP: 5/5
    11 | D:1      | Reached skill level 1 in Fighting
   287 | D:1      | Reached skill level 2 in Fighting
   465 | D:1      | Reached XP level 2. HP: 24/24 MP: 6/6
  1368 | D:2      | Reached skill level 3 in Fighting
  1368 | D:2      | Reached XP level 3. HP: 22/31 MP: 7/7
  1760 | D:2      | Reached skill level 4 in Fighting
  1760 | D:2      | Reached XP level 4. HP: 14/40 MP: 8/8
  2828 | D:2      | Noticed a phantom
  2889 | D:2      | HP: 3/61 [adder (3)]
  2892 | D:2      | HP: 1/61 [poisoned by an adder]
  2893 | D:2      | Slain by an adder

Levels and vault maps discovered:
D:1:      minmay_arrival_shoal_huts, layout_basic
D:2:      layout_loops_corners, serial_forest, infiniplex_forest_end_2,
          infiniplex_forest_clump_tiny, infiniplex_forest_lined_corner,
          infiniplex_forest_clump_small, infiniplex_forest_lined_1,
          infiniplex_forest_clump_double, infiniplex_forest_clump_C,
          infiniplex_forest_straight_4, minmay_joined_circles

Skill      XL: |  1  2  3 |
---------------+----------+-----
Fighting       | 2 3 4 |  4.4
Short Blades   | |  0.8
Dodging        | |  1.7
Stealth        | |  0.8
Evocations     | |  2.6

Action                   |  1- 3 |  4- 6 || total
-------------------------+-------+-------++-------
Melee: Short sword       |   175 |    76 ||   251
Evoke: Wand              |       |     5 ||     5
  Use: Potion            |     1 |     2 ||     3
 Stab: Sleeping          |     1 |       ||     1
  Eat: Chunk             |     3 |     3 ||     6
Armor: Leather armour    |    37 |    21 ||    58
       Skin              |       |     7 ||     7
Dodge: Dodged            |    87 |    44 ||   131
